 Dungeon Crawl Stone Soup version 0.30-a0-354-g6b83867211 (webtiles) character file.

Game seed: 15995424737438632253

3666 zishaf the Fighter (level 10, -1/78 HPs)
             Began as a Djinni Venom Mage on Nov 7, 2022.
             Slain by a wight
             ... wielding a +0 falchion
              (7 damage)
             ... on level 8 of the Dungeon.
             The game lasted 00:17:25 (9268 turns).

zishaf the Fighter (Djinni Venom Mage)              Turns: 9268, Time: 00:17:26

Health: -1/78      AC: 10    Str:  7    XL:     10   Next: 34%
Gold:   670        EV: 11    Int: 21    God:
                   SH: 10    Dex: 16

rFire   + + .      SeeInvis .    l - +7 hand axe of Riocsuasch {flame, rPois}
rCold   x . .      Faith    .    i - +0 kite shield
rNeg    + . .      Spirit   .    z - +0 steam dragon scales
rPois   ∞          Reflect  .    (no helmet)
rElec   +          Harm     .    j - +0 cloak
rCorr   .          Rampage  .    s - +1 pair of gloves
Will    ++...                    (boots unavailable)
Stlth   ++........               A - amulet of the Trilobite {+Blink Will+ Regen+ Dex+2}
HPRegen 1.13/turn                k - ring of positive energy
MPRegen 0.00/turn                y - ring "Ocyfrywn" {Wiz rElec rPois MP+9}

@: mighty, attractive, flying
A: sickness immunity, fire resistance 2, cold vulnerability 1, float, innate
caster, HP casting, extra vitality 1, iridescent scales 1, wild magic 2
a: Evoke Blink


You were on level 8 of the Dungeon.
You visited 2 branches of the dungeon, and saw 9 of its levels.

You collected 670 gold pieces.

Inventory:

Hand Weapons
 g - a +3 dagger of protection
 l - the +7 hand axe of Riocsuasch (weapon) {flame, rPois}
   (You found it on level 4 of the Dungeon)

   It burns those it strikes, dealing additional fire damage.
   Big, fiery blades are also staple armaments of hydra-hunters.
   rPois:     It protects you from poison.
 v - the +4 dagger "Morg" {pain, Will+ Int+5}
   (You found it on level 5 of the Dungeon)

   In the hands of one skilled in necromantic magic, it inflicts extra damage on
   living creatures.
   Your inability to study Necromancy prevents you from drawing on the full
   power of this weapon.
   Int:       It affects your intelligence (+5).
   Will:      It increases your willpower.
Missiles
 u - a throwing net
Armour
 i - a +0 kite shield (worn)
 j - a +0 cloak (worn)
 s - a +1 pair of gloves (worn)
 z - +0 steam dragon scales (worn)
Jewellery
 c - an amulet of the acrobat
 k - a ring of positive energy (left hand)
 q - an amulet of faith
 y - the ring "Ocyfrywn" (right hand) {Wiz rElec rPois MP+9}
   (You acquired it on level 7 of the Dungeon)

   [ring of wizardry]

   It improves your spell success rate.
   rElec:     It insulates you from electricity.
   rPois:     It protects you from poison.
   MP:        It affects your magic capacity (+9).
 A - the amulet of the Trilobite (around neck) {+Blink Will+ Regen+ Dex+2}
   (You acquired it on level 7 of the Dungeon)

   [amulet of regeneration]

   Dex:       It affects your dexterity (+2).
   +Blink:    It lets you blink.
   Regen:     It increases your rate of health regeneration.
   Will:      It increases your willpower.
Wands
 w - a wand of polymorph (4)
Scrolls
 a - a scroll of poison
 h - 2 scrolls of magic mapping
 n - a scroll of vulnerability
 o - a scroll of enchant weapon
 C - 2 scrolls of identify
Potions
 b - 4 potions of haste
 d - 4 potions of curing
 e - a potion of brilliance {unknown}
 f - a potion of mutation
 m - 3 potions of lignification
 p - a potion of attraction
 r - a potion of degeneration {unknown}
 t - a potion of might
 x - a potion of resistance {unknown}
 B - a potion of magic {unknown}


   Skills:
 + Level 9.3 Fighting
 - Level 2.1 Dodging
 - Level 1.5 Stealth
 - Level 5.0 Shields
 + Level 7.6 Spellcasting


You had 5 spell levels left.
You knew the following spells:

 Your Spells              Type           Power      Damage    Failure   Level
a - Sting                 Tmut/Pois      100%       1d8       1%          1
b - Poisonous Vapours     Pois/Air       100%       N/A       2%          2
c - Momentum Strike       Conj/Tloc      100%       3d10      2%          2
d - Dazzling Flash        Conj/Hex       100%       N/A       3%          3
e - Summon Small Mammal   Summ           100%       N/A       1%          1
f - Call Canine Familiar  Summ           59%        N/A       3%          3
z - Mephitic Cloud        Conj/Pois/Air  59%        N/A       3%          3
A - Olgreb's Toxic Radia  Pois           59%        N/A       9%          4
Your spell library was empty.

Dungeon Overview and Level Annotations

Branches:
Dungeon (8/15)             Temple (1/1) D:5            Lair (0/5) D:8

Altars:
Ashenzari
Cheibriados
Dithmenos
Elyvilon
Fedhas
Gozag
Nemelex Xobeh
Qazlal
Ru
Trog
Uskayaw
Wu Jian
Xom
Yredelemnul
The Shining One

Portals:
Bailey: D:8


Innate Abilities, Weirdness & Mutations

You are immune to sickness and miasma.
You are immune to poison.
Your flesh is very heat resistant. (rF++)
You are vulnerable to cold. (rC-)
You float through the air rather than walking.
You learn spells naturally, not from books.
Your magical power is your life essence.
You have superior vitality. (+4 MHP)
You are partially covered in iridescent scales. (AC +2)
Your spells are harder to cast, but more powerful.


Message History

The gnoll sergeant looks more healthy.
The gnoll sergeant hits you from afar with a +0 spear!
The wight closely misses you. The wight barely misses you. x2
The wight hits you with a +0 falchion!
The gnoll sergeant hits you but does no damage.
You completely miss the wight.
The wight is moderately damaged.
You block the gnoll sergeant's attack. The wight hits you with a +0 falchion!
You block the wight's attack.
You hit the wight. You burn the wight.
The wight is severely damaged.
The gnoll sergeant hits you from afar with a +0 spear!
The wight barely misses you.
The wight hits you from afar with a +2 halberd.
You block the gnoll sergeant's attack.
The wight hits you from afar with a +2 halberd!
* * * LOW HITPOINT WARNING * * *
The wight misses you.
Casting: Dazzling Flash (dangerous; 3% risk of failure)
Confirm with . or Enter, or press ? or * to list all spells.
Aiming: Poisonous Vapours (safe; 2% risk of failure)
Press: ? - help, Dir - move target, f - gnoll sergeant
Aim: a gnoll sergeant, wielding a +0 spear and wearing a +0 scale mail (almost dead) Poisonous vapours surround the gnoll sergeant!
The gnoll sergeant is poisoned.
* * * LOW HITPOINT WARNING * * *
The wight hits you but does no damage.
The gnoll sergeant completely misses you.
The wight hits you from afar with a +2 halberd!
* * * LOW HITPOINT WARNING * * *
It was a potion of might.
You feel very mighty all of a sudden.
The gnoll sergeant hits you from afar with a +0 spear.
* * * LOW HITPOINT WARNING * * *
You block the wight's attack. The wight hits you but does no damage.
Unknown command.
It was a potion of attraction.
You feel attractive to monsters. You block the gnoll sergeant's attack.
The wight hits you with a +0 falchion!
You die...

,,,,,,,,,......!..≈≈(≈≈,,,,,*,**,
,,,,,,,,,.............,,*,*,*,**,
,,,,,,,,,............#*,*,*,*,**,
********,,,....).)...#*,*,*,*,**,
*,,,,,,,,,,......)...##.#,*,*,**,
*,<,,,,,,,####.#'#(#....#,*,*,**,
,,,,,,,,,,+....g.z.....>#,*,*,**,
*,,,,,,,,,####.#z#.###..#,*,*,**,
*,,,,,,,,,* *,#@#.#,,,,#,*,*,**,
*,,,,,,,*** *,#####***,*,*,*,**,
*,,*+*,,* *,,,**,,**,,,*,*,**,
*,,*,*,***********,,,,*****,*,**,
,,,*,*,,,,,,,,,,,*_,⌠,**,,,,*,**,
,,,*,*,,,,,,******,,,,,******,**,
,,**,**,,,,,+,,,,**,,,,*,,,,,,***
,,*,,,*,,,,,*******8,,,+,******
,,*,_,*,,,,,* **,,,,**********


You could see a gnoll sergeant (very poisoned) and 2 wights.

Vanquished Creatures
  A two-headed ogre (D:7)
  A komodo dragon (D:5)
  A wraith (D:5)
  2 steam dragons
  A water moccasin (D:7)
  A sky beast (D:7)
  A black bear (D:5)
  An ice beast (D:7)
  5 ogres
  3 centaurs
  A phantom (D:6)
  A necrophage (D:6)
  2 kobold brigands
  A scorpion (D:4)
  6 wights
  A howler monkey (D:5)
  3 jellies
  3 hounds
  6 orc priests
  A gnoll bouda (D:7)
  Natasha (D:2)
  2 iguanas
  4 orc wizards
  17 gnolls
  6 adders
  A shadow imp (D:6)
  4 dart slugs
  33 orcs
  10 endoplasms
  3 giant cockroaches
  8 goblins
  12 hobgoblins
  A jackal (D:4)
  5 quokkas
  7 ball pythons
  7 bats
  2 frilled lizards
  18 kobolds
  5 rats
188 creatures vanquished.

Vanquished Creatures (others)
  4 wights
  Crazy Yiuf (D:4)
  An adder (D:6)
  A bat (D:3)
  4 toadstools (D:2)
11 creatures vanquished.

Grand Total: 199 creatures vanquished

Notes
Turn   | Place    | Note
-------+----------+-------------------------------------------
     0 | D:1      | zishaf the Djinni Venom Mage began the quest for the Orb.
     0 | D:1      | zishaf set off with the following spells memorised: Sting,
                  | Poisonous Vapours, Mephitic Cloud, Olgreb's Toxic Radiance.
     0 | D:1      | Reached XP level 1. HP: 15/15 MP: 0/0
   313 | D:1      | Reached XP level 2. HP: 13/22 MP: 0/0
   379 | D:1      | Reached skill level 1 in Fighting
   631 | D:1      | Reached XP level 3. HP: 25/27 MP: 0/0
   631 | D:1      | Learned a level 1 spell: Summon Small Mammal
  1809 | D:2      | Reached skill level 2 in Fighting
  1875 | D:2      | Reached XP level 4. HP: 32/33 MP: 0/0
  2054 | D:2      | Reached skill level 1 in Shields
  2146 | D:2      | Noticed Natasha
  2157 | D:2      | Killed Natasha
  2390 | D:3      | Reached XP level 5. HP: 30/39 MP: 0/0
  2390 | D:3      | Learned a level 2 spell: Momentum Strike
  2495 | D:3      | Found a stormy altar of Qazlal.
  2729 | D:3      | Reached skill level 3 in Fighting
  2790 | D:3      | Found a sparkling altar of Nemelex Xobeh.
  2800 | D:3      | Reached XP level 6. HP: 39/46 MP: 0/0
  3273 | D:3      | Identified the +2 sling of the Quiescent God {flame, rC-
                  | rN+ rCorr Dex+4}
  3670 | D:4      | Found a runed translucent door.
  3671 | D:4      | Noticed Crazy Yiuf
  3681 | D:4      | Killed Crazy Yiuf
  4340 | D:4      | Reached XP level 7. HP: 45/51 MP: 0/0
  4340 | D:4      | Learned a level 3 spell: Dazzling Flash
  4458 | D:4      | Identified the +7 hand axe of Riocsuasch {flame, rPois}
  4618 | D:4      | Reached skill level 4 in Fighting
  4969 | D:5      | Entered Level 5 of the Dungeon
  5224 | D:5      | Reached XP level 8. HP: 40/58 MP: 0/0
  5342 | D:5      | Noticed a komodo dragon
  5350 | D:5      | Noticed a wraith
  5377 | D:5      | Killed a wraith
  5378 | D:5      | Reached skill level 5 in Fighting
  5550 | D:5      | Reached skill level 5 in Shields
  5658 | D:5      | Killed a komodo dragon
  5659 | D:5      | Reached skill level 6 in Fighting
  5659 | D:5      | Reached skill level 5 in Spellcasting
  5977 | D:5      | Reached XP level 9. HP: 59/66 MP: 0/0
  5977 | D:5      | Learned a level 3 spell: Call Canine Familiar
  6035 | D:5      | Found a staircase to the Ecumenical Temple.
  6072 | Temple   | Entered the Ecumenical Temple
  6435 | D:5      | Found the +4 dagger "Morg" {pain, Will+ Int+5}
  7089 | D:6      | Reached skill level 7 in Fighting
  7636 | D:6      | Found a glowing golden altar of the Shining One.
  7678 | D:6      | Found a sacrificial altar of Ru.
  7679 | D:6      | Gained mutation: Your spells are a little harder to cast,
                  | but a little more powerful. [potion of mutation]
  7679 | D:6      | Gained mutation: You are partially covered in iridescent
                  | scales. (AC +2) [potion of mutation]
  7679 | D:6      | Gained mutation: Your spells are harder to cast, but more
                  | powerful. [potion of mutation]
  8320 | D:7      | Identified 2 scrolls of acquirement
  8320 | D:7      | Acquired the amulet of the Trilobite {+Blink Will+ Regen+
                  | Dex+2}
  8333 | D:7      | Acquired the ring "Ocyfrywn" {Wiz rElec rPois MP+9}
  8365 | D:7      | Noticed a two-headed ogre
  8398 | D:7      | Killed a two-headed ogre
  8399 | D:7      | Reached skill level 8 in Fighting
  8399 | D:7      | Reached XP level 10. HP: 77/77 MP: 0/0
  8614 | D:7      | Reached skill level 9 in Fighting
  9246 | D:8      | Found a flagged portal.
  9268 | D:8      | Slain by a wight

Illustrated notes

Levels and vault maps discovered:
D:1:      evilmike_arrival_rings, layout_basic, minmay_misc_feat_encased,
          minmay_tall_x
D:2:      layout_basic, serial_bayou_pond_e, minmay_gold_behind_fungi,
          uniq_natasha
D:3:      layout_basic, nicolae_qazlal_scattered_showers,
          mainiacjoe_overflow_small_starburst
D:4:      minmay_chambers_of_twos, layout_basic, kennysheep_orc_sif_temple,
          uniq_crazy_yiuf_cottage
D:5:      kennysheep_big_flooded_room, layout_basic, temple_hall
D:6:      layout_cave_pods, kennysheep_mini, mainiacjoe_overflow_paths
D:7:      layout_basic
D:8:      layout_basic, gammafunk_temple_overflow_pools,
          mainiacjoe_overflow_surrounded_room, due_lair_maze_entry_diamond,
          enter_bailey_5, hangedman_abyss_or_decor_clamps
Temple:   grunt_temple_mini_profane

Skill      XL: |  1  2  3  4  5  6  7  8  9 10 |
---------------+-------------------------------+-----
Fighting       | 1 2 3 4 6 8 9 |  9.3
Spellcasting   | 3 4 5 7 |  7.6
Shields        | 1 2 3 4 5 |  5.0
Dodging        | |  2.1
Stealth        | |  1.5

Action                   |  1- 3 |  4- 6 |  7- 9 | 10-12 || total
-------------------------+-------+-------+-------+-------++-------
Melee: Short sword       |    16 |       |       |       ||    16
       Dagger            |    21 |    47 |    61 |    34 ||   163
       Punch             |     1 |       |       |       ||     1
       Hand axe          |       |       |    88 |    18 ||   106
 Cast: Sting             |    75 |    78 |    34 |     4 ||   191
       Olgreb's Toxic Ra |       |     4 |     5 |     4 ||    13
       Mephitic Cloud    |       |     2 |    17 |       ||    19
       Poisonous Vapours |       |     6 |    38 |     1 ||    45
       Momentum Strike   |       |     2 |    13 |     3 ||    18
       Summon Small Mamm |       |       |     1 |       ||     1
       Call Canine Famil |       |       |     4 |       ||     4
       Dazzling Flash    |       |       |     3 |     1 ||     4
  Use: Scroll            |       |    12 |     5 |     1 ||    18
       Potion            |       |       |     1 |     2 ||     3
 Stab: Sleeping          |     1 |       |     1 |       ||     2
       Confused          |       |       |     2 |       ||     2
       Distracted        |       |       |     1 |       ||     1
Armor: Robe              |    17 |    43 |    47 |       ||   107
       Steam dragon scal |       |       |       |    17 ||    17
Dodge: Dodged            |    58 |    56 |   107 |    41 ||   262
Block: Kite shield       |       |    33 |    89 |    54 ||   176

Table legend: (Time is in decaauts)
 A = Elapsed time spent in this place.
 B = Non-inter-level travel time spent in this place.
 C = Inter-level travel time spent in this place.
 D = Time resting spent in this place.
 E = Time spent auto-exploring this place.
 F = Levels seen in this place.
 G = Mean time per level.
                   A        B        C        D        E       F      G
               +--------+--------+--------+--------+--------+-----+--------+
         Total |   9351 |   8796 |    555 |    649 |   6545 |   9 | 1039.0 |
       Dungeon |   9141 |   8610 |    531 |    649 |   6367 |   8 | 1142.6 |
        Temple |    209 |    185 |     24 |      0 |    178 |   1 |  209.0 |
               +--------+--------+--------+--------+--------+-----+--------+

Top non-repeatable levels by time:
     D:5: 1746 daAuts
     D:6: 1432 daAuts
     D:1: 1404 daAuts
     D:4: 1376 daAuts
     D:3: 1138 daAuts
     D:2: 1065 daAuts
     D:7: 933 daAuts
  Temple: 209 daAuts
     D:8: 45 daAuts
